 Dungeon Crawl Stone Soup version 0.25-b1-29-g4cfa5c7 (webtiles) character file.

Game seed: 15495881716144928145, levelgen mode: deterministic

357 Dorkslayer the Chopper (level 6, 0/55 HPs)
             Began as a Hill Orc Fighter on June 1, 2020.
             Was an Initiate of the Shining One.
             Slain by an orc warrior
             ... wielding a +0 scimitar
              (17 damage)
             ... on level 3 of the Dungeon.
             The game lasted 00:08:13 (1549 turns).

Dorkslayer the Chopper (Hill Orc Fighter)           Turns: 1549, Time: 00:08:14

Health: 0/55       AC: 16    Str: 20    XL:     6   Next: 64%
Magic:  7/7        EV:  6    Int:  8    God:    the Shining One [......]
Gold:   146        SH:  4    Dex: 11    Spells: 5/5 levels left

rFire    . . .     SeeInvis .   a - +0 war axe
rCold    . . .     Gourm    .   m - +0 buckler
rNeg     . . .     Faith    .   n - +0 plate armour
rPois    .         Spirit   .   (no helmet)
rElec    .         Reflect  .   j - +0 cloak
rCorr    .         Harm     .   (no gloves)
MR       .....                  (no boots)
Stlth    ..........             (no amulet)
HPRegen  0.18/turn              e - +4 ring of protection
MPRegen  0.10/turn              (no ring)

@: glowing
A: no striking features
a: Renounce Religion


You were on level 3 of the Dungeon.
You worshipped the Shining One.
The Shining One was noncommittal.
You were not hungry.

You visited 1 branch of the dungeon, and saw 3 of its levels.

You collected 146 gold pieces.

Inventory:

Hand Weapons
 a - a +0 war axe (weapon)
Missiles
 h - 3 curare-tipped darts (quivered)
Armour
 c - a +0 kite shield
 j - a +0 cloak (worn)
 m - a +0 buckler (worn)
 n - a +0 plate armour (worn)
Jewellery
 e - a +4 ring of protection (left hand)
Wands
 g - a wand of paralysis (3)
 t - a wand of flame (9)
Scrolls
 k - a scroll of blinking
 l - 2 scrolls of remove curse
 p - 2 scrolls of immolation {unknown}
 q - a scroll of teleportation {unknown}
 r - a scroll of noise {unknown}
 u - a scroll of identify {unknown}
Potions
 b - a potion of lignification {unknown}
 d - a potion of might
 i - a potion of stabbing {unknown}
 o - a potion of flight {unknown}
 s - a potion of brilliance {unknown}
Comestibles
 f - 3 rations


   Skills:
 + Level 4.9 Fighting
 + Level 5.9 Axes
 + Level 1.3 Throwing
 + Level 4.0 Armour
 + Level 0.7 Dodging
 + Level 3.8 Shields
 * Level 1.9 Invocations
 * Level 1.2 Evocations


You had 5 spell levels left.
You didn't know any spells.
Your spell library was empty.

Dungeon Overview and Level Annotations

Branches:
Dungeon (3/15)

Altars:
Ashenzari
Trog
The Shining One


Message History

The orc warrior is moderately wounded.
You slash the orc!
You kill the orc!
The orc warrior barely misses you.
You hit the orc warrior but do no damage.
The orc warrior is moderately wounded.
The orc warrior closely misses you.
You hit the orc warrior but do no damage.
The orc warrior is moderately wounded.
The orc warrior hits you with a +0 scimitar!!
You hit the orc warrior but do no damage.
The orc warrior is moderately wounded.
The orc warrior barely misses you.
You hit the orc warrior but do no damage.
The orc warrior is moderately wounded.
The orc warrior hits you with a +0 scimitar!
You barely miss the orc warrior.
The orc warrior is moderately wounded.
The orc warrior hits you with a +0 scimitar!
You die...

#...#
#.#######.._..#
#......##.....#
#......##.###.#
#....).##.#.#.#
####......##.###.#
...........##.....#
#####......########
#.##).## #.###@# #.
#o# #.


#oo .... ....# .....# .....# ####..# You could see an orc warrior and 2 orcs.

Vanquished Creatures
  Grinder (D:3)
  Ijyb (D:3)
  Terence (D:3)
  4 gnolls (D:2)
  2 adders (D:2)
  An ooze (D:2)
  A worm (D:2)
  A leopard gecko (D:2)
  An orc (D:3)
  2 giant cockroaches (D:2)
  9 goblins
  10 hobgoblins
  12 kobolds
  A quokka (D:2)
  A ball python (D:1)
  11 bats
  A frilled lizard (D:1)
  5 rats
65 creatures vanquished.

Vanquished Creatures (others)
  A wizard (D:3)
1 creature vanquished.

Grand Total: 66 creatures vanquished

Notes
Turn   | Place    | Note
-------+----------+-------------------------------------------
     0 | D:1      | Dorkslayer the Hill Orc Fighter began the quest for the
                  | Orb.
     0 | D:1      | Reached XP level 1. HP: 19/19 MP: 1/1
   112 | D:1      | Reached XP level 2. HP: 24/27 MP: 2/2
   142 | D:1      | Reached skill level 3 in Axes
   339 | D:1      | Reached XP level 3. HP: 25/33 MP: 3/3
   706 | D:2      | Reached XP level 4. HP: 37/41 MP: 4/4
   753 | D:2      | Found a glowing golden altar of the Shining One.
   758 | D:2      | Became a worshipper of the Shining One
   824 | D:2      | Reached skill level 1 in Throwing
   969 | D:2      | Reached XP level 5. HP: 46/47 MP: 5/5
  1021 | D:2      | Reached skill level 4 in Axes
  1043 | D:2      | Found a shattered altar of Ashenzari.
  1376 | D:3      | Noticed Ijyb
  1378 | D:3      | Noticed Terence
  1388 | D:3      | Killed Ijyb
  1398 | D:3      | Killed Terence
  1411 | D:3      | Noticed Grinder
  1433 | D:3      | Killed Grinder
  1433 | D:3      | Reached skill level 5 in Axes
  1433 | D:3      | Reached skill level 1 in Invocations
  1433 | D:3      | Reached skill level 1 in Evocations
  1433 | D:3      | Reached XP level 6. HP: 55/55 MP: 5/7
  1491 | D:3      | Found a bloodstained altar of Trog.
  1496 | D:3      | Noticed a wizard
  1502 | D:3      | Killed a wizard
  1538 | D:3      | Noticed an orc warrior
  1549 | D:3      | Slain by an orc warrior

Illustrated notes

Levels and vault maps discovered:
D:1:      grunt_arrival_lava_bath, layout_rooms, minmay_misc_feat_cross
D:2:      layout_basic, lemuel_doored_altar, tso_metal_star, first_ration
D:3:      layout_basic, kiku_gazebo_garden_becter, amethyst_killhole,
          trog_wizard, uniq_ijyb, uniq_grinder, uniq_terence,
          uniq_crazy_yiuf_cottage

Skill      XL: |  1  2  3  4  5 |
---------------+----------------+-----
Axes           | 3 5 |  5.9
Fighting       | 4 |  4.9
Throwing       | 1 |  1.3
Armour         | 4 |  4.0
Invocations    | 1 |  1.9
Evocations     | 1 |  1.2
Dodging        | |  0.7
Shields        | |  3.8

Action                   |  1- 3 |  4- 6 || total
-------------------------+-------+-------++-------
Melee: War axe           |   125 |    94 ||   219
Throw: Dart              |     1 |       ||     1
Evoke: Wand              |       |     6 ||     6
  Use: Scroll            |       |     2 ||     2
  Eat: Chunk             |       |     2 ||     2
       Ration            |       |     1 ||     1
Armor: Scale mail        |    75 |       ||    75
       Plate armour      |    10 |    61 ||    71
Dodge: Dodged            |    54 |    17 ||    71
Block: Kite shield       |    44 |       ||    44
       Buckler           |       |    15 ||    15
